 Dungeon Crawl Stone Soup version 0.28-a0-1339-ga5422284a4 (webtiles) character file.

Game seed: 11660841033329445151

15 SensoryNuts the Skirmisher (level 2, -3/24 HPs)
             Began as a Demonspawn Fighter on Dec 28, 2021.
             Frozen to death by an endoplasm (5 damage)
             ... on level 1 of the Dungeon.
             The game lasted 00:00:20 (614 turns).

SensoryNuts the Skirmisher (Demonspawn Fighter)      Turns: 614, Time: 00:00:20

Health: -3/24      AC:  6    Str: 16    XL:     2   Next: 34%
Magic:  2/2        EV:  9    Int:  9    God:
Gold:   30         SH:  4    Dex: 12    Spells: 1/1 levels left

rFire   . . .      SeeInvis .   a - +0 long sword
rCold   . . .      Faith    .   c - +0 buckler
rNeg    . . .      Spirit   .   b - +0 scale mail
rPois   .          Reflect  .   (helmet restricted)
rElec   .          Harm     .   (no cloak)
rCorr   .          Rampage  .   (no gloves)
Will    .....                   (no boots)
Stlth   ..........              (no amulet)
HPRegen 0.08/turn               (no ring)
MPRegen 0.08/turn               (no ring)

@: no status effects
A: antennae 1
a: no special abilities


You were on level 1 of the Dungeon.
You visited 1 branch of the dungeon, and saw 1 of its levels.

You collected 30 gold pieces.

Inventory:

Hand Weapons
 a - a +0 long sword (weapon)
Armour
 b - a +0 scale mail (worn)
 c - a +0 buckler (worn)
Scrolls
 f - a scroll of fog {unknown}
 g - a scroll of identify {unknown}
Potions
 d - a potion of might
 e - a potion of degeneration {unknown}


   Skills:
 + Level 3.3 Fighting
 + Level 1.8 Long Blades
 + Level 2.8 Armour
 + Level 3.0 Shields


You had one spell level left.
You didn't know any spells.
Your spell library was empty.

Dungeon Overview and Level Annotations

Branches:
Dungeon (1/15)

Altars:


Innate Abilities, Weirdness & Mutations

You have a pair of small antennae on your head.


Message History

The endoplasm freezes you.
You are frozen.
The jackal barely misses you. The jackal bites you.
The jackal barely misses you.
The endoplasm hits you but does no damage.
You hit the jackal.
The jackal is severely wounded.
You block the jackal's attack. The jackal misses you.
The jackal barely misses you.
The jackal bites you but does no damage.
The jackal closely misses you. You block the jackal's attack.
The endoplasm freezes you.
You are frozen.
You slash the jackal!
You kill the jackal!
The jackal bites you but does no damage. x2
The endoplasm freezes you.
You are frozen.
The jackal barely misses you. The jackal closely misses you.
You are too injured to fight recklessly!
Unknown command.
You are too injured to fight recklessly!
Unknown command.
You are too injured to fight recklessly!
Unknown command.
You are too injured to fight recklessly!
Unknown command.
You are too injured to fight recklessly!
You barely miss the endoplasm. You block the jackal's attack. x2
The endoplasm freezes you.
You are frozen.
* * * LOW HITPOINT WARNING * * *
The jackal bites you.
* * * LOW HITPOINT WARNING * * *
The jackal bites you.
* * * LOW HITPOINT WARNING * * *
You barely miss the endoplasm. The endoplasm completely misses you.
The jackal bites you but does no damage.
You block the jackal's attack. The endoplasm freezes you.
You are frozen.
You die...

#.....## ... +..##.#.
#######.# ##..#...
......#.# #.....#
........# #..#.##
........# ######..#...
........# #...##..####
......)J#####...##..##..
......h@........##...'..
.......h........##.###..
###.##........####.# ###
.. #........# #.# #
#........####.#####
#..................
##........#######.##
........>...........
.############.#.#.##


You could see an endoplasm and 2 jackals.

Vanquished Creatures
  A dart slug (D:1)
  A bat (D:1)
  2 endoplasms (D:1)
  A goblin (D:1)
  A jackal (D:1)
  3 kobolds (D:1)
  3 rats (D:1)
12 creatures vanquished.

Notes
Turn   | Place    | Note
-------+----------+-------------------------------------------
     0 | D:1      | SensoryNuts the Demonspawn Fighter began the quest for the
                  | Orb.
     0 | D:1      | Reached XP level 1. HP: 18/18 MP: 1/1
   444 | D:1      | Discovered your monstrous ancestry.
   444 | D:1      | Gained mutation: You have a pair of small antennae on your
                  | head. [demonic ancestry]
   444 | D:1      | Reached XP level 2. HP: 17/24 MP: 2/2
   614 | D:1      | Frozen to death by an endoplasm

Illustrated notes

Levels and vault maps discovered:
D:1:      dpeg_arrival_simpleton_c, layout_basic, minmay_tromino_v4_a

Skill      XL: |  1  2 |
---------------+-------+-----
Shields        | 3 |  3.0
Fighting       | |  3.3
Long Blades    | |  1.8
Armour         | |  2.8

Action                   || total
-------------------------++-------
Melee: Long sword        ||    33
Armor: Scale mail        ||    19
Dodge: Dodged            ||    27
Block: Buckler           ||    14

Table legend: (Time is in decaauts)
 A = Elapsed time spent in this place.
 B = Non-inter-level travel time spent in this place.
 C = Inter-level travel time spent in this place.
 D = Time resting spent in this place.
 E = Time spent auto-exploring this place.
 F = Levels seen in this place.
 G = Mean time per level.
                   A        B        C        D        E       F      G
               +--------+--------+--------+--------+--------+-----+--------+
         Total |    624 |    624 |      0 |      0 |    551 |   1 |  624.0 |
       Dungeon |    624 |    624 |      0 |      0 |    551 |   1 |  624.0 |
               +--------+--------+--------+--------+--------+-----+--------+

Top non-repeatable levels by time:
     D:1: 624 daAuts
